 Dungeon Crawl Stone Soup version 0.21.1-1-g345015f (webtiles) character file.

145 Krilegs the Skirmisher (level 5, -3/42 HPs)
             Began as a Demonspawn Abyssal Knight on May 7, 2018.
             Was a Believer of Lugonu.
             Killed by divine providence
             ... invoked by an orc priest
              (17 damage)
             ... on level 3 of the Dungeon.
             The game lasted 00:06:11 (2486 turns).

Krilegs the Skirmisher (Demonspawn Abyssal Knight)  Turns: 2486, Time: 00:06:14

Health: -3/42      AC:  9    Str: 13    XL:     5   Next: 6%
Magic:  7/7        EV:  6    Int: 14    God:    Lugonu [**....]
Gold:   158        SH:  0    Dex: 12    Spells: 4/4 levels left

rFire    . . .     SeeInvis .   a - +1 hand axe
rCold    . . .     Gourm    .   (no shield)
rNeg     . . .     Faith    .   f - +1 chain mail
rPois    .         Spirit   .   (helmet restricted)
rElec    .         Reflect  .   (no cloak)
rCorr    .         Harm     .   (no gloves)
MR       .....                  (no boots)
Stlth    ..........             (no amulet)
HPRegen  0.14/turn              (no ring)
MPRegen  0.10/turn              (no ring)

@: no status effects
A: antennae 1, nightstalker 1, powered by pain 1
a: Depart the Abyss, Bend Space, Renounce Religion


You were on level 3 of the Dungeon.
You worshipped Lugonu.
Lugonu was pleased with you.
You were not hungry.

You visited 1 branch of the dungeon, and saw 3 of its levels.
You visited the Abyss 1 time.

You collected 158 gold pieces.

Inventory:

Hand Weapons
 a - a +1 hand axe (weapon)
Armour
 f - a +1 chain mail (worn)
 g - a +0 robe
Jewellery
 o - an uncursed amulet of the gourmand {unknown}
Scrolls
 h - a scroll of identify
 i - a scroll of amnesia
 j - a scroll of fog
 k - 3 scrolls of enchant weapon
 l - a scroll of remove curse
Potions
 b - a potion of invisibility
 d - a potion of degeneration
 e - a potion of resistance
 m - a potion of ambrosia
 n - a potion of agility
Comestibles
 c - 5 rations


   Skills:
 + Level 4.0 Fighting
 + Level 3.4 Axes
 + Level 2.6 Armour
 - Level 0.8 Dodging
 + Level 2.7 Invocations


You had 4 spell levels left.
You didn't know any spells.

Dungeon Overview and Level Annotations

Branches:
Dungeon (3/15)

Altars:
Cheibriados
Sif Muna
Trog


Innate Abilities, Weirdness & Mutations

You have a pair of small antennae on your head.
You are slightly more attuned to the shadows.
You sometimes gain a little power by taking damage.


Message History

The giant cockroach bites you but does no damage.
The orc priest calls upon Beogh to heal the orc.
The orc's wounds heal themselves!
The orc hits you but does no damage. The orc hits you with a flail.
The giant cockroach bites you but does no damage.
You hit the giant cockroach.
You kill the giant cockroach!
Lugonu accepts your kill.
You hit the orc.
The orc hits you from afar with a trident of freezing.
The orc freezes you. The orc barely misses you.
The orc hits you but does no damage. The orc barely misses you. x2
The orc priest invokes the aid of Beogh against you.
Beogh smites you!
You hit the orc.
The orc is heavily wounded.
You barely miss the orc. You hit the orc.
The orc hits you but does no damage. x2
The orc priest calls down the wrath of Beogh upon you.
Beogh smites you!
You die...

...#.#..)))...
..............
#.#.#.#............
###.#.#.............#
###........###.........
.....!...#.####........
.........#.##..........
......o................
....oo@....†.........>.
.....o...##............
###......###...........
#......# ##..........
######## ###########


You could see an orc priest and 3 orcs.

Vanquished Creatures
  An orc priest (D:3)
  A bullfrog skeleton (D:3)
  2 adders (D:2)
  An ooze (D:1)
  A worm (D:3)
  4 dart slugs
  2 leopard geckos
  3 orcs (D:3)
  A ball python (D:1)
  4 bats
  5 giant cockroaches
  7 goblins
  5 hobgoblins
  5 kobolds
  5 frilled lizards
  5 rats
52 creatures vanquished.

Notes
Turn   | Place    | Note
-------+----------+-------------------------------------------
     0 | Abyss:1  | Krilegs the Demonspawn Abyssal Knight began the quest for the Orb.
     0 | Abyss:1  | Reached XP level 1. HP: 18/18 MP: 2/2
     9 | D:1      | Escaped the Abyss
   182 | D:1      | Gained mutation: You have a pair of small antennae on your head. [demonic ancestry]
   182 | D:1      | Reached XP level 2. HP: 22/24 MP: 3/3
  1019 | D:1      | Reached ** piety under Lugonu
  1019 | D:1      | Gained mutation: You are slightly more attuned to the shadows. [demonic ancestry]
  1019 | D:1      | Reached XP level 3. HP: 21/30 MP: 4/4
  1593 | D:2      | Found a bloodstained altar of Trog.
  1691 | D:2      | Found a deep blue altar of Sif Muna.
  1971 | D:3      | Gained mutation: You sometimes gain a little power by taking damage. [demonic ancestry]
  1971 | D:3      | Reached XP level 4. HP: 36/37 MP: 6/6
  2259 | D:3      | Found a snail-covered altar of Cheibriados.
  2278 | D:3      | Reached skill level 4 in Fighting
  2278 | D:3      | Reached XP level 5. HP: 18/42 MP: 7/7
  2486 | D:3      | Killed from afar by an orc priest

Skill      XL: |  1  2  3  4 |
---------------+-------------+-----
Axes           | 2 3 |  3.4
Armour         | 2 |  2.6
Fighting       | 4 |  4.0
Dodging        | |  0.8
Invocations    | |  2.7

Action                   |  1- 3 |  4- 6 || total
-------------------------+-------+-------++-------
Melee: Hand axe          |   142 |    48 ||   190
  Use: Potion            |     6 |       ||     6
       Scroll            |     5 |     3 ||     8
  Eat: Chunk             |     2 |       ||     2
       Ration            |     1 |       ||     1
Armor: Leather armour    |     6 |       ||     6
       Chain mail        |    97 |    44 ||   141
Dodge: Dodged            |    54 |    23 ||    77
